 Dungeon Crawl Stone Soup version 0.29.1-15-g9cfb28693d (webtiles) character file.

Game seed: 4343353054943104324

44 H0rd4k the Charlatan (level 3, 0/28 HPs)
             Began as a Human Artificer on Mar 14, 2023.
             Succumbed to an adder's poison
             ... on level 2 of the Dungeon.
             The game lasted 00:01:08 (524 turns).

H0rd4k the Charlatan (Human Artificer)               Turns: 524, Time: 00:01:08

Health: 0/28       AC:  3    Str: 12    XL:     3   Next: 87%
Magic:  3/3        EV: 11    Int: 13    God:
Gold:   39         SH:  0    Dex: 13    Spells: 2/2 levels left

rFire   . . .      SeeInvis .   a - +0 club
rCold   . . .      Faith    .   (no shield)
rNeg    . . .      Spirit   .   b - +0 leather armour
rPois   .          Reflect  .   (no helmet)
rElec   .          Harm     .   (no cloak)
rCorr   .          Rampage  .   (no gloves)
Will    .....                   (no boots)
Stlth   +.........              (no amulet)
HPRegen 0.09/turn               (no ring)
MPRegen 0.08/turn               (no ring)

@: lethally poisoned (0 -> -6)
A: no striking features
a: no special abilities


You were on level 2 of the Dungeon.
You visited 1 branch of the dungeon, and saw 2 of its levels.

You collected 39 gold pieces.

Inventory:

Hand Weapons
 a - a +0 club (weapon)
Armour
 b - a +0 leather armour (worn)
Wands
 c - a wand of flame (13) (quivered)
 d - a wand of charming (14)
 e - a wand of iceblast (5)
Scrolls
 f - 2 scrolls of enchant armour {unknown}
 i - a scroll of enchant weapon {unknown}
 j - a scroll of silence {unknown}
 k - a scroll of vulnerability {unknown}
Potions
 g - a potion of curing
 h - 2 potions of flight {unknown}


   Skills:
 + Level 2.4 Fighting
 + Level 2.1 Maces & Flails
 - Level 2.0 Armour
 - Level 1.0 Dodging
 - Level 1.0 Stealth
 - Level 3.0 Evocations


You had 2 spell levels left.
You didn't know any spells.
Your spell library was empty.

Dungeon Overview and Level Annotations

Branches:
Dungeon (2/15)

Altars:

Shops:
D:2 =


Message History

You feel very sick.
The adder bites you but does no damage. x2
You miss the adder.
The adder is heavily wounded.
You feel sick. The adder misses you.
You hit the adder but do no damage.
The adder is heavily wounded.
You feel sick. The adder barely misses you. x2
You hit the adder.
The adder is heavily wounded.
You feel sick. The adder bites you.
You hit the adder but do no damage.
The adder is heavily wounded.
You feel sick. The adder closely misses you. The adder barely misses you.
You barely miss the adder.
The adder is heavily wounded.
You feel sick. The adder closely misses you.
You barely miss the adder.
The adder is heavily wounded.
You feel sick.
You are no longer poisoned.
The adder bites you.
* * * LOW HITPOINT WARNING * * *
The adder barely misses you.
It was a potion of curing.
You feel better. The adder barely misses you.
You hit the adder but do no damage.
The adder is heavily wounded.
The adder bites you but does no damage. The adder bites you.
* * * LOW HITPOINT WARNING * * *
You are poisoned.
The adder poisons you!
You hit the adder.
The adder is severely wounded.
You feel sick. The adder barely misses you. The adder bites you.
* * * LOW HITPOINT WARNING * * *
You are more poisoned.
The adder poisons you!
You hit the adder.
The adder is severely wounded.
You die...

......####.
#.......... ..
#>......... ..#
#.......... ....
... #..........
.... ...
#................
..
#..S..........#...#
#..@..........#...#
#..........
......##
###..###<..
........ #..# .
.###.##. #..##...
#...... #..##<..
#......
#..##..#####......
#..##...........##
#..#...#####...##


You could see an adder.

Vanquished Creatures
  Jessica (D:2)
  An adder (D:2)
  A dart slug (D:2)
  4 bats
  A giant cockroach (D:2)
  A frilled lizard (D:2)
  A kobold (D:2)
  A rat (D:1)
11 creatures vanquished.

Notes
Turn   | Place    | Note
-------+----------+-------------------------------------------
     0 | D:1      | H0rd4k the Human Artificer began the quest for the Orb.
     0 | D:1      | Reached XP level 1. HP: 15/15 MP: 1/1
    78 | D:1      | You fall into a shaft and drop 1 floor!
    86 | D:2      | Noticed Jessica
    90 | D:2      | Killed Jessica
    91 | D:2      | Reached skill level 1 in Maces & Flails
    91 | D:2      | Reached XP level 2. HP: 22/22 MP: 2/2
    91 | D:2      | Reached XP level 3. HP: 27/27 MP: 3/3
   399 | D:2      | Identified the +3 dagger of Eriwaugh {spect, Will+ Int+2}
   459 | D:2      | Found Leabouga's Jewellery Shoppe.
   524 | D:2      | Succumbed to an adder's poison

Illustrated notes

Levels and vault maps discovered:
D:1:      dpeg_arrival_orchard, layout_basic, hellmonk_ecumenical_altar_blasted
D:2:      layout_rooms, serial_shops,
          nicolae_shop_temple_entry_statues_fountains, st_stairs_5, uniq_jessica

Skill      XL: |  1  2  3 |
---------------+----------+-----
Fighting       | 2 |  2.4
Maces & Flails | 1 2 |  2.1
Armour         | |  2.0
Dodging        | |  1.0
Stealth        | |  1.0
Evocations     | |  3.0

Action                   || total
-------------------------++-------
Melee: Club              ||    74
Evoke: Wand              ||     3
  Use: Potion            ||     1
Armor: Leather armour    ||    33
Dodge: Dodged            ||    68
